 Dungeon Crawl Stone Soup version 0.23-a0-650-ga4d50d4 (webtiles) character file.

317 George the Carver (level 6, -4/51 HPs)
             Began as a Minotaur Fighter on Jan 6, 2019.
             Slain by an ogre
             ... wielding a +0 giant spiked club
              (22 damage)
             ... on level 4 of the Dungeon.
             The game lasted 00:05:02 (3388 turns).

George the Carver (Minotaur Fighter)                Turns: 3388, Time: 00:05:04

Health: -4/51      AC: 11    Str: 23    XL:     6   Next: 20%
Magic:  5/5        EV:  4    Int:  8    God:
Gold:   181        SH: 10    Dex: 14    Spells: 5/5 levels left

rFire    . . .     SeeInvis .   a - +1 long sword
rCold    . . .     Gourm    .   c - +0 shield
rNeg     . . .     Faith    .   i - +0 plate armour
rPois    .         Spirit   .   (helmet restricted)
rElec    .         Reflect  .   (no cloak)
rCorr    .         Harm     .   (no gloves)
MR       .....                  (no boots)
Stlth    ..........             (no amulet)
HPRegen  0.17/turn              r - +5 ring of dexterity
MPRegen  0.09/turn              u - +3 ring of intelligence

@: no status effects
A: retaliatory headbutt, horns 2
a: no special abilities


You were on level 4 of the Dungeon.
You were not hungry.

You visited 1 branch of the dungeon, and saw 4 of its levels.

You collected 181 gold pieces.

Inventory:

Hand Weapons
 a - a +1 long sword (weapon)
Armour
 c - a +0 shield (worn)
 i - a +0 plate armour (worn)
Jewellery
 n - an uncursed amulet of faith
 r - a +5 ring of dexterity (left hand)
 u - a +3 ring of intelligence (right hand)
Scrolls
 g - 3 scrolls of remove curse
 h - a scroll of random uselessness {unknown}
 k - a scroll of teleportation
 l - 2 scrolls of enchant weapon
 m - a scroll of fog {unknown}
 s - a scroll of fear {unknown}
 t - a scroll of noise {unknown}
 v - a scroll of identify
 x - a scroll of blinking
Potions
 b - 4 potions of mutation {unknown}
 d - 2 potions of might
 e - 2 potions of invisibility
 j - a potion of cancellation
 o - a potion of haste
 p - 2 potions of heal wounds
 q - 2 potions of brilliance {unknown}
 z - a potion of degeneration {unknown}
Comestibles
 f - 3 rations
 w - a chunk of flesh


   Skills:
 - Level 3.6 Fighting
 + Level 8.0 Long Blades
 - Level 3.6 Armour
 - Level 3.6 Shields


You had 5 spell levels left.
You didn't know any spells.
Your spell library was empty.

Dungeon Overview and Level Annotations

Branches:
Dungeon (4/15)
 Temple: D:4-7

Altars:
Dithmenos
Fedhas
Makhleb
Sif Muna
Xom

Annotations:
D:3 2 transporters


Innate Abilities, Weirdness & Mutations

You reflexively headbutt those who attack you in melee.
You have a pair of horns on your head.


Message History

You now have 181 gold pieces (gained 9).
An ogre comes into view. It is wielding a +0 giant spiked club.
The ogre shouts!
An ogre is nearby!
The ogre hits you with a +0 giant spiked club!!
You are too injured to fight recklessly!
You are too injured to fight recklessly!
You are too injured to fight recklessly!
You hit the ogre. You headbutt the ogre!
The ogre is heavily wounded.
The ogre barely misses you.
You hit the ogre. Your headbutt misses the ogre.
The ogre is heavily wounded.
The ogre hits you with a +0 giant spiked club.
You slash the ogre!
The ogre is almost dead.
You hit the ogre. You headbutt the ogre.
The ogre is almost dead.
The ogre hits you with a +0 giant spiked club!!
You die...

###. ##... ## ####.... ##.##
### ###....S<. #...###.#
#.........
#...#^#.####....g...
##.........###..s>...
#...O........#......#
#...@..[.....#g#...##
##......#.....g#####
####.....##..s.# ###
####..........##...
##..#...###.......##
#########......###....††...#
###.##..#.....##.....###......
#................#.....)......
#....###...#.....#.###........


You could see an ogre.

Vanquished Creatures
  An ogre (D:4)
  A hound (D:4)
  An orc wizard (D:4)
  4 gnolls (D:4)
  5 adders
  3 worms (D:3)
  A dart slug (D:4)
  3 leopard geckos
  8 orcs
  9 bats
  A giant cockroach (D:2)
  4 goblins
  3 hobgoblins
  9 jackals
  A quokka (D:2)
  3 frilled lizards
  11 kobolds
  9 rats
77 creatures vanquished.

Vanquished Creatures (others)
  A plant (D:1)
1 creature vanquished.

Grand Total: 78 creatures vanquished

Notes
Turn   | Place    | Note
-------+----------+-------------------------------------------
     0 | D:1      | George the Minotaur Fighter began the quest for the Orb.
     0 | D:1      | Reached XP level 1. HP: 19/19 MP: 0/0
   147 | D:1      | Reached skill level 3 in Long Blades
   250 | D:1      | Reached XP level 2. HP: 26/26 MP: 1/1
   374 | D:1      | Reached skill level 4 in Long Blades
  1059 | D:2      | Reached XP level 3. HP: 31/31 MP: 2/2
  1078 | D:2      | Found a shimmering altar of Xom.
  1232 | D:2      | Found a deep blue altar of Sif Muna.
  1237 | D:2      | Found a shadowy altar of Dithmenos.
  1508 | D:2      | Reached skill level 5 in Long Blades
  1556 | D:2      | Reached XP level 4. HP: 38/39 MP: 3/3
  1984 | D:3      | Found a blossoming altar of Fedhas.
  1985 | D:3      | Noticed a centaur
  1986 | D:3      | Noticed an ogre
  2519 | D:3      | Found a transporter.
  2523 | D:3      | Found a transporter.
  2635 | D:3      | Reached skill level 6 in Long Blades
  2800 | D:4      | Reached XP level 5. HP: 41/45 MP: 4/4
  2801 | D:4      | Found a burning altar of Makhleb.
  2886 | D:3      | HP: 1/45 [adder (4)]
  3203 | D:4      | Reached skill level 7 in Long Blades
  3236 | D:4      | Noticed an ogre
  3242 | D:4      | Killed an ogre
  3242 | D:4      | Reached XP level 6. HP: 42/51 MP: 5/5
  3326 | D:4      | Reached skill level 8 in Long Blades
  3388 | D:4      | Slain by an ogre

Vault maps used:
D:1:      roderic_octagonal_star, lexackson_kobold_supper
D:2:      xom_teletrap_fun, grunt_temple_overflow_open, first_ration,
          minmay_tiny_reverse_x
D:3:      gammafunk_temple_overflow_arena, cheibrodos_sewer_entry_bend
D:4:      overflow_temple_1_default

Skill      XL: |  1  2  3  4  5  6 |
---------------+-------------------+-----
Long Blades    | 3 4 5 6 7 8 |  8.0
Fighting       | |  3.6
Armour         | |  3.6
Shields        | |  3.6

Action                   |  1- 3 |  4- 6 || total
-------------------------+-------+-------++-------
Melee: Long sword        |    92 |   123 ||   215
       Headbutt          |    14 |    27 ||    41
  Use: Scroll            |       |    10 ||    10
  Eat: Chunk             |     2 |     6 ||     8
Armor: Scale mail        |    43 |     5 ||    48
       Plate armour      |       |    74 ||    74
Dodge: Dodged            |    29 |    16 ||    45
Block: Shield            |    58 |    80 ||   138
       Rpst.: Long sword |    11 |     5 ||    16

Table legend:
 A = Non-vault XP
 B = Vault XP
 C = Vault XP percentage of total XP
 D = Non-vault monster count
 E = Vault monster count
 F = Vault count percentage of total count
                 A         B        C        D         E       F
            +---------+---------+-------+---------+---------+-------
      Total |     415 |      39 |   8.6 |      65 |      12 |  15.6
            +---------+---------+-------+---------+---------+-------
        D:1 |      27 |      13 |  32.5 |      18 |       8 |  30.8
        D:2 |      62 |      16 |  20.5 |      16 |       2 |  11.1
        D:3 |      53 |      10 |  15.9 |      19 |       2 |   9.5
        D:4 |     273 |       0 |   0.0 |      12 |       0 |   0.0
            +---------+---------+-------+---------+---------+-------
